 Dungeon Crawl Stone Soup version 0.27-a0-836-gfc908b8576 (webtiles) character file.

Game seed: 16337853319012723830

25 polve the Slasher (level 2, -4/24 HPs)
             Began as a Demonspawn Abyssal Knight on Apr 1, 2021.
             Was a Follower of Lugonu.
             Slain by Jessica
             ... wielding a +0 dagger
              (6 damage)
             ... on level 2 of the Dungeon.
             The game lasted 00:01:19 (1702 turns).

polve the Slasher (Demonspawn Abyssal Knight)       Turns: 1702, Time: 00:01:20

Health: -4/24      AC:  3    Str: 12    XL:     2   Next: 86%
Magic:  3/3        EV: 11    Int: 13    God:    Lugonu [*.....]
Gold:   71         SH:  0    Dex: 12    Spells: 1/1 levels left

rFire    . . .     SeeInvis .   a - +1 falchion
rCold    . . .     Faith    .   (no shield)
rNeg     . . .     Spirit   .   b - +0 leather armour
rPois    .         Reflect  .   (no helmet)
rElec    .         Harm     .   (no cloak)
rCorr    .         Rampage  .   (no gloves)
Will     +....                  (no boots)
Stlth    +.........             (no amulet)
HPRegen  0.08/turn              d - ring of willpower
MPRegen  0.08/turn              (no ring)

@: no status effects
A: powered by death 1
a: Renounce Religion, Depart the Abyss


You were on level 2 of the Dungeon.
You worshipped Lugonu.
Lugonu was aware of your devotion.
You visited 1 branch of the dungeon, and saw 2 of its levels.
You visited the Abyss 1 time.

You collected 71 gold pieces.

Inventory:

Hand Weapons
 a - a +1 falchion (weapon)
Armour
 b - a +0 leather armour (worn)
Jewellery
 d - a ring of willpower (left hand)
Scrolls
 c - a scroll of teleportation {unknown}


   Skills:
 - Level 3.0 Fighting
 + Level 3.1 Long Blades
 - Level 1.7 Armour
 - Level 0.8 Dodging
 - Level 2.4 Invocations


You had one spell level left.
You didn't know any spells.
Your spell library was empty.

Dungeon Overview and Level Annotations

Branches:
Dungeon (2/15)

Altars:

Shops:
D:2 **

Annotations:
D:2 Jessica


Innate Abilities, Weirdness & Mutations

You regenerate a little health from kills.


Message History

You hit the goblin.
You kill the goblin!
Lugonu accepts your kill. Jessica casts a spell at you.
You resist with significant effort. The adder bites you.
You barely miss the adder. The adder bites you but does no damage.
The adder bites you.
You barely miss the adder. Jessica barely misses you.
You riposte.
You hit Jessica but do no damage. The kobold hits you with a +0 dagger.
The adder closely misses you. Jessica barely misses you.
You hit the adder.
The adder is lightly wounded.
The adder closely misses you.
You riposte.
You closely miss the adder.
The adder is lightly wounded.
Jessica hits you with a +0 dagger. The kobold hits you with a +0 dagger.
The adder barely misses you.
You are too injured to fight recklessly!
You are too injured to fight recklessly!
The adder closely misses you. Jessica hits you with a +0 dagger.
Jessica very coldly says, "I hate your company."
Jessica barely misses you.
You riposte.
You hit Jessica.
Jessica is moderately wounded.
The adder bites you. The adder closely misses you.
There is an abandoned shop here.
Jessica barely misses you.
There is an open door here.
You aren't carrying any potions.
Jessica points at you and mumbles some strange words.
Pain shoots through your body!
* * * LOW HITPOINT WARNING * * *
You barely miss Jessica.
Jessica is moderately wounded.
Jessica barely misses you.
You hit Jessica.
Jessica is severely wounded.
Jessica hits you with a +0 dagger.
* * * LOW HITPOINT WARNING * * *
Jessica hits you with a +0 dagger.
You die...

#...# #...# #...# #####...#
#)).# #.......# ##...###
#.......# #......# #.......#
#......# #......†###
#......# #####...##.
#?..∩.∩##############..##.
#.....KS@@................
......∩.∩###############.†#.
....###### #####'#. .....
#....... ..... #....... ..
#....... #......> #.......
########


You could see an adder, Jessica (fast) and a kobold.

Vanquished Creatures
  2 ball pythons (D:1)
  2 bats
  4 endoplasms
  5 giant cockroaches
  2 goblins (D:2)
  3 hobgoblins
  A kobold (D:2)
  A rat (D:2)
20 creatures vanquished.

Notes
Turn   | Place    | Note
-------+----------+-------------------------------------------
     0 | Abyss:1  | polve the Demonspawn Abyssal Knight began the quest for the
                  | Orb.
     0 | Abyss:1  | Reached XP level 1. HP: 18/18 MP: 2/2
    78 | Abyss:1  | Noticed a tormentor
   123 | D:1      | Escaped the Abyss
   874 | D:1      | Reached * piety under Lugonu
   991 | D:1      | Gained mutation: You regenerate a little health from kills.
                  | [demonic ancestry]
   991 | D:1      | Reached XP level 2. HP: 24/24 MP: 3/3
  1528 | D:2      | Found Muiddax's General Store.
  1680 | D:2      | Found Jikhad's General Store.
  1686 | D:2      | Noticed Jessica
  1702 | D:2      | Slain by Jessica

Illustrated notes

Levels and vault maps discovered:
D:1:      matt_arrival_diagonals, layout_loops_ring, serial_park_tiny_pond,
          minmay_fountain_box
D:2:      layout_basic, amethyst_overflow_temple_binary, serial_shops,
          nicolae_shop_behind_doors, nicolae_shop_window_shopping,
          nicolae_shop_competitors_out_of_business, nicolae_shop_statue_plus,
          shop, uniq_jessica

Skill      XL: |  1  2 |
---------------+-------+-----
Long Blades    | 2 3 |  3.1
Fighting       | |  3.0
Armour         | |  1.7
Dodging        | |  0.8
Invocations    | |  2.4

Action                   || total
-------------------------++-------
Melee: Falchion          ||    61
Invok: Depart the Abyss  ||     1
Armor: Leather armour    ||    20
Dodge: Dodged            ||    57
       Rpst.: Falchion   ||    15

Table legend: (Time is in decaauts)
 A = Elapsed time spent in this place.
 B = Non-inter-level travel time spent in this place.
 C = Inter-level travel time spent in this place.
 D = Time resting spent in this place.
 E = Time spent auto-exploring this place.
 F = Levels seen in this place.
 G = Mean time per level.
                   A        B        C        D        E       F      G
               +--------+--------+--------+--------+--------+-----+--------+
         Total |   1713 |   1665 |     48 |      0 |   1467 |   3 |  571.0 |
       Dungeon |   1590 |   1542 |     48 |      0 |   1389 |   2 |  795.0 |
         Abyss |    123 |    123 |      0 |      0 |     78 |   1 |  123.0 |
               +--------+--------+--------+--------+--------+-----+--------+

Top non-repeatable levels by time:
     D:1: 1399 daAuts
     D:2: 190 daAuts
 Abyss:1: 123 daAuts
